[Event "Team 45 45 League T49"]
[Site "Internet Chess Club"]
[Date "2011.06.18"]
[Round "6"]
[White "perikitosax"]
[Black "LoseOften"]
[Result "1-0"]
[WhiteElo "2096"]
[BlackElo "1616"]
[Opening "Dutch defense"]
[ECO "A87"]
[Time "03:00:10"]
[TimeControl "2700+45"]

1. d4 f5 2. g3 Nf6 3. Bg2 g6 4. c4 Bg7 5. Nc3 O-O 6. Nf3 d6 7. O-O Qe8 8. Re1 e5
9. dxe5 dxe5 10. e4 Nc6 11. Nd5 fxe4 12. Ng5 Nxd5 13. cxd5 Nd4 14. Nxe4 Qf7 15.
Be3 Bf5 16. Ng5 Qf6 17. Ne4 Qf7 18. Ng5 Qd7 19. Bxd4 exd4 20. Ne6 Bxe6 21. dxe6
Qb5 22. e7 Rf7 23. Qb3 Qxb3 24. axb3 Re8 25. Bd5 c6 26. Bc4 a6 27. Re4 d3 28.
Rd1 Bxb2 29. Rxd3 Bf6 30. Rf3 Kg7 31. Bxf7 Kxf7 32. Ref4 {Black resigns} 1-0

[Event "Team 45 45 League T49"]
[Site "Internet Chess Club"]
[Date "2011.06.19"]
[Round "6"]
[White "rubo"]
[Black "tsia68"]
[Result "0-1"]
[WhiteElo "1708"]
[BlackElo "1894"]
[Opening "Bird's opening: Lasker variation"]
[ECO "A02"]
[Time "15:17:01"]
[TimeControl "2700+45"]

1. f4 Nf6 2. Nf3 d5 3. e3 c5 4. Bb5+ Bd7 5. Bxd7+ Nbxd7 6. b3 g6 7. Bb2 Bg7 8.
O-O O-O 9. Qe2 a6 10. a4 b6 11. d3 b5 12. axb5 axb5 13. Nbd2 Qb6 14. Ne5 Nxe5
15. Bxe5 Qc6 16. Qf3 Rxa1 17. Rxa1 Ra8 18. Rxa8+ Qxa8 19. h3 Qa2 20. Qd1 Nd7 21.
Bxg7 Kxg7 22. Qb1 Qa5 23. Qb2+ f6 24. Nf3 Kf7 25. Kf1 Nb8 26. c4 dxc4 27. dxc4
b4 28. Ne1 Nc6 29. Nd3 Qa3 30. Ke2 Qxb2+ 31. Nxb2 Na5 32. Na4 Nxb3 33. Kd3 e6
34. e4 Ke7 35. e5 fxe5 36. fxe5 Kd7 37. Kc2 Nd4+ 38. Kd3 Kc6 39. Nb2 Nf5 40. g4
Nh6 41. Ke4 Nf7 42. h4 h6 43. Na4 Nd8 44. Kd3 Nf7 45. Ke4 b3 46. Nb2 Kb6 47. Nd3
Kc6 48. Nb2 Kb6 49. Na4+ Ka5 50. Nxc5 b2 51. Nb3+ Kb4 52. Nd2 Kc3 53. Nb1+ Kxc4
54. Na3+ Kb3 55. Nb1 Kc2 56. Na3+ Kc1 57. Kf4 b1=Q 58. Nxb1 Kxb1 59. Ke4 Kc2 60.
Kf4 Kd3 61. g5 h5 62. Kf3 Nxe5+ 63. Kf4 Ng4 64. Kf3 e5 65. Kg2 Ke2 66. Kg1 e4
67. Kg2 e3 68. Kg1 Ke1 69. Kg2 e2 70. Kh1 Kd1 71. Kg2 e1=Q 72. Kh3 Qe3+ {White
resigns} 0-1

[Event "Team 45 45 League T49"]
[Site "Internet Chess Club"]
[Date "2011.06.17"]
[Round "6"]
[White "playwaycool"]
[Black "Tobiasdelmonte"]
[Result "1/2-1/2"]
[WhiteElo "2120"]
[BlackElo "1866"]
[Opening "Trompowsky attack (Ruth, Opocenský opening)"]
[ECO "A45"]
[Time "22:31:41"]
[TimeControl "2700+45"]

1. d4 Nf6 2. Bg5 Ne4 3. Bf4 d5 4. f3 Nf6 5. e4 e6 6. e5 Nfd7 7. c3 c5 8. Ne2 b6
9. a4 Nc6 10. g3 Ba6 11. Be3 Rc8 12. Na3 cxd4 13. cxd4 Nb4 14. Nc3 Bxf1 15. Rxf1
a6 16. Kf2 h5 17. h4 Be7 18. Kg2 g5 19. hxg5 Bxg5 20. Qd2 Rg8 21. Bxg5 Qxg5 22.
Qxg5 Rxg5 23. Rh1 Nd3 24. Ne2 Nxb2 25. f4 Rf5 26. Rac1 Rxc1 27. Rxc1 f6 28. a5
bxa5 29. Rc6 Ke7 30. Rxa6 fxe5 31. dxe5 Rf8 32. Nd4 Nc5 33. Rxa5 Nbd3 34. Nab5
Nd7 35. Nd6 Rh8 36. Ra7 Nc5 37. f5 exf5 38. N4xf5+ Ke6 39. Ng7+ Kxe5 40. Nf7+
Kf6 41. Nxh8 Kxg7 42. Ra8 Nf8 43. Rd8 Ncd7 44. Kh3 Kxh8 45. Kh4 Nf6 46. Rxf8+
Kg7 47. Ra8 Kg6 48. Ra6 Kg7 49. Kg5 Ne4+ 50. Kf4 Nf6 51. Kf5 Ne4 52. Ra7+ Kh6
53. Kf4 Kg6 54. Ra3 Kf7 55. Ra1 Ke6 56. Rh1 Nf6 57. Ra1 Kd6 58. Ra6+ Ke7 59. Kf5
Ne4 60. Ra7+ Kd6 61. Kf4 Ke6 62. Rh7 Nf6 63. Rh8 Kd6 64. Rh6 Ke7 65. Kf5 Ne4 66.
Rh7+ Kd6 67. Rg7 Kc5 68. Rg6 Kd4 69. Kf4 Nf2 70. Rh6 Nh3+ 71. Kf5 Ke3 72. Rxh5
Nf2 73. g4 d4 74. Rh8 d3 75. Re8+ Kf3 76. Rd8 Nxg4 77. Rxd3+ Ne3+ 78. Ke5 Ke2
79. Ke4 Ng4 80. Ra3 Nf6+ 81. Kd4 Ng4 82. Rg3 Nf2 83. Rg8 Kf3 84. Rf8+ Ke2 85.
Rf7 Ng4 86. Ke4 Nf2+ 87. Kf4 Nd3+ 88. Kg3 Ke3 89. Re7+ Kd2 90. Kf3 Ne1+ 91. Kf2
Nd3+ 92. Kf1 Nf4 93. Kf2 Nd3+ 94. Kf3 Ne1+ 95. Ke4 Ke2 96. Ra7 Nc2 97. Rh7 Kd2
98. Rh2+ Kc3 99. Rh3+ Kd2 100. Rd3+ Ke2 101. Rd7 Ne1 102. Kd4 Nf3+ 103. Kc3 Ke3
104. Re7+ Kf4 105. Kd3 Ne5+ 106. Kd2 Kf5 107. Re8 Kf6 108. Kc3 Kf5 109. Kd4 Ng6
110. Kc5 Kf6 111. Kd6 Kf7 112. Re1 Kf6 113. Rf1+ Kg5 114. Ke6 Nf4+ 115. Ke5 Ng6+
116. Ke4 Ne7 117. Ke5 Ng6+ 118. Ke4 Ne7 119. Rf7 Ng6 120. Rf5+ Kg4 121. Ra5 Nf4
122. Ra8 Ng6 123. Re8 Kg5 124. Re6 Nf8 125. Re7 Ng6 126. Rf7 Nh4 127. Rf8 Ng6
{Game drawn by the 50 move rule} 1/2-1/2

[Event "Team 45 45 League T49"]
[Site "Internet Chess Club"]
[Date "2011.06.19"]
[Round "6"]
[White "alonzob"]
[Black "Killian"]
[Result "0-1"]
[WhiteElo "1511"]
[BlackElo "1906"]
[Opening "Réti opening"]
[ECO "A05"]
[Time "15:32:52"]
[TimeControl "2700+45"]

1. Nf3 Nf6 2. d3 d5 3. g3 c6 4. Bg2 Bg4 5. Nbd2 e6 6. O-O Bc5 7. h3 Bh5 8. c3
Nbd7 9. d4 Bd6 10. Re1 O-O 11. e4 dxe4 12. Nxe4 Nxe4 13. Rxe4 Nf6 14. Bg5 Be7
15. Rh4 Bg6 16. Ne5 Nd5 17. Bxe7 Nxe7 18. Be4 Bxe4 19. Rxe4 Nf5 20. Nf3 Qc7 21.
Kg2 Rad8 22. Qc2 c5 23. Rc1 cxd4 24. cxd4 Qd7 25. Rd1 Qd5 26. Kg1 Qxa2 27. Nh4
Nd6 28. Re5 Rc8 29. Rc5 b6 30. Rc6 Qd5 31. Rxc8 Rxc8 32. Qd3 Rd8 33. Nf3 Nc4 34.
Rb1 e5 35. b3 Na5 36. Nd2 Qxd4 37. Qxd4 Rxd4 38. Rc1 Kf8 39. Nc4 Nxb3 40. Rc3
Nc5 41. Nxe5 f6 42. Nc6 Ra4 43. Re3 a5 44. Re7 Ra2 45. Ra7 a4 46. Ra8+ Kf7 47.
Nd8+ Kg6 48. Nc6 Nd3 49. Ne7+ Kh5 50. Nd5 Nxf2 51. Nf4+ Kh6 52. Rf8 Ne4 53. Rb8
Rb2 54. Nd5 b5 55. Nb6 a3 {White resigns} 0-1

[Event "Team 45 45 League T49"]
[Site "Internet Chess Club"]
[Date "2011.06.18"]
[Round "6"]
[White "Gilguli"]
[Black "Nathan826"]
[Result "0-1"]
[WhiteElo "1471"]
[BlackElo "1656"]
[Opening "King's Indian: Smyslov system"]
[ECO "E61"]
[Time "03:10:18"]
[TimeControl "2700+45"]

1. d4 Nf6 2. Nf3 g6 3. c4 Bg7 4. Nc3 d6 5. Bg5 O-O 6. e3 Nbd7 7. Bd3 e5 8. d5
Nc5 9. Bc2 h6 10. Bh4 g5 11. Bg3 Nh5 12. O-O Nxg3 13. fxg3 Bg4 14. Rf2 Qe7 15.
b4 Nd7 16. Qd3 f5 17. h3 e4 18. Qd2 Bxf3 19. gxf3 Qe5 20. fxe4 Qxc3 21. Qxc3
Bxc3 22. Raf1 fxe4 23. Bxe4 Rxf2 24. Rxf2 Rf8 25. b5 Rxf2 26. Kxf2 Ne5 27. c5
dxc5 28. h4 b6 29. hxg5 hxg5 30. g4 Nxg4+ 31. Kg3 Nxe3 32. a4 Be5+ 33. Kf3 Nc4
34. Kg4 Bf4 35. Kf5 Nd6+ {White resigns} 0-1

[Event "Team 45 45 League T49"]
[Site "Internet Chess Club"]
[Date "2011.06.20"]
[Round "6"]
[White "SlimeDog2"]
[Black "cityprosecutor"]
[Result "1-0"]
[WhiteElo "2102"]
[BlackElo "1727"]
[Opening "Neo-Grünfeld, 6.cd Nxd5, 7.O-O"]
[ECO "D74"]
[Time "23:09:35"]
[TimeControl "2700+45"]

1. d4 Nf6 2. c4 g6 3. Nf3 Bg7 4. g3 d5 5. cxd5 Nxd5 6. Bg2 O-O 7. O-O Nc6 8. e4
Nb6 9. d5 Ne5 10. Nd4 Bg4 11. f3 Bd7 12. Nc3 c5 13. Nde2 Rc8 14. f4 Nec4 15. b3
Nd6 16. Bb2 Nb5 17. Qd2 Nd4 18. e5 Nxe2+ 19. Qxe2 Bf5 20. g4 Bd7 21. Rad1 c4 22.
f5 cxb3 23. axb3 a6 24. Qe3 Qc7 25. f6 exf6 26. exf6 Rfe8 27. Ne4 Bf8 28. d6
Bxd6 29. Rxd6 Qxd6 30. Nxd6 Rxe3 31. Nxc8 Nxc8 32. Rd1 Bb5 33. Bxb7 Re8 34. Ba3
Na7 35. Rd6 Nc8 36. Rd4 Na7 37. Rd6 Nc8 38. Rd2 Na7 39. Kf2 Nc6 40. Rd6 Na5 41.
Bd5 h6 42. Bb4 Re2+ 43. Kf3 Nxb3 44. Bxb3 Rb2 45. Rd8+ Kh7 46. Bxf7 Rxb4 47.
Bg8+ Kh8 48. Bd5+ Kh7 49. f7 {Black resigns} 1-0

[Event "Team 45 45 League T49"]
[Site "Internet Chess Club"]
[Date "2011.06.18"]
[Round "6"]
[White "dschesq"]
[Black "Rubikon81"]
[Result "0-1"]
[WhiteElo "1647"]
[BlackElo "1753"]
[Opening "QGD"]
[ECO "D30"]
[Time "14:00:31"]
[TimeControl "2700+45"]

1. d4 d5 2. c4 e6 3. Nf3 Nf6 4. Bg5 c6 5. Nbd2 h6 6. Bh4 dxc4 7. Nxc4 Bb4+ 8.
Ncd2 O-O 9. a3 Be7 10. e3 Nbd7 11. Qc2 c5 12. Bg3 Nh5 13. Rc1 Nxg3 14. hxg3 cxd4
15. Nxd4 Nf6 16. Nb5 Bd7 17. Qd1 Rc8 18. Rxc8 Qxc8 19. g4 Rd8 20. g5 hxg5 21.
Nc3 Bxa3 22. Qb1 Bb4 23. Qc2 Ba5 24. Bd3 Bxc3 25. bxc3 Bc6 26. Bh7+ Kf8 27. f3
Qc7 28. Kf2 g6 29. Nb3 Kg7 30. Bxg6 fxg6 31. Nd4 Bd5 32. e4 e5 33. Ne2 Qb6+ 34.
Ke1 Bb3 35. Qb2 Rd1# {White checkmated} 0-1

[Event "Team 45 45 League T49"]
[Site "Internet Chess Club"]
[Date "2011.06.19"]
[Round "6"]
[White "BotanicalKnight"]
[Black "jps7"]
[Result "0-1"]
[WhiteElo "1619"]
[BlackElo "1721"]
[Opening "French: Labourdonnais variation"]
[ECO "C00"]
[Time "13:05:49"]
[TimeControl "2700+45"]

1. e4 e6 2. f4 d5 3. e5 c5 4. d3 Nc6 5. g3 Nge7 6. Bg2 Nf5 7. Nc3 a6 8. Nf3 Be7
9. Qe2 O-O 10. O-O b5 11. g4 Nfd4 12. Qd1 Bb7 13. Ne2 f6 14. exf6 Bxf6 15. g5
Nxf3+ 16. Bxf3 Be7 17. h4 Qb6 18. Kh1 Bd6 19. Bg2 Ne7 20. Qe1 Nf5 21. h5 d4 22.
Ng3 Bxg2+ 23. Kxg2 Rae8 24. Ne4 Qc6 25. Qe2 e5 26. h6 exf4 27. Qg4 Ne3+ 28. Bxe3
dxe3 29. hxg7 Kxg7 30. Rf3 Be5 31. Rh1 Re7 32. Rh6 Qd7 33. Qh5 Kg8 34. Rh3 Rg7
35. Kf3 Rf5 36. Rh1 Qb7 37. Rg1 Bd4 38. Qe8+ Rf8 39. Qh5 e2 40. Rh1 Rf5 41. Qe8+
Rf8 42. Qh5 c4 43. c3 Be5 44. d4 Bb8 45. Re6 Qd7 46. Nf6+ Rxf6 47. Rxf6 Qe7 48.
Re1 Qe3+ 49. Kg2 Qg3+ 50. Kh1 Qxe1+ 51. Kg2 Qg3+ {White resigns} 0-1

[Event "Team 45 45 League T49"]
[Site "Internet Chess Club"]
[Date "2011.06.19"]
[Round "6"]
[White "UnderRated"]
[Black "tryanything"]
[Result "1-0"]
[WhiteElo "1602"]
[BlackElo "1573"]
[Opening "Vienna game"]
[ECO "C28"]
[Time "18:38:03"]
[TimeControl "2700+45"]

1. e4 e5 2. Nc3 Nf6 3. Bc4 Nc6 4. d3 Na5 5. Nge2 Nxc4 6. dxc4 c6 7. O-O Be7 8.
Be3 O-O 9. h3 d6 10. Ng3 Be6 11. b3 d5 12. exd5 cxd5 13. cxd5 Nxd5 14. Nxd5 Qxd5
15. Qxd5 Bxd5 16. Rad1 Be6 17. Rd3 f5 18. f4 e4 19. Rdd1 b6 20. Bd4 g6 21. Be5
Rad8 22. c4 Rxd1 23. Rxd1 Rd8 24. Rxd8+ Bxd8 25. Kf2 Be7 26. Ke3 Bc5+ 27. Bd4
Kf7 28. Ne2 h6 29. Nc3 Ke7 30. Nb5 a6 31. Nc7 Bxd4+ 32. Kxd4 a5 33. Na8 Kd6 34.
Nxb6 Kc6 35. Na4 g5 36. g3 Bf7 37. Nc3 Bh5 38. Nd5 gxf4 39. gxf4 Bg4 40. hxg4
fxg4 41. Kxe4 h5 42. Ne7+ Kc5 43. Nf5 {Black resigns} 1-0

[Event "Team 45 45 League T49"]
[Site "Internet Chess Club"]
[Date "2011.06.19"]
[Round "6"]
[White "badmove"]
[Black "mongmong"]
[Result "1-0"]
[WhiteElo "1780"]
[BlackElo "1610"]
[Opening "Catalan: open, 5.Nf3"]
[ECO "E04"]
[Time "16:00:59"]
[TimeControl "2700+45"]

1. d4 e6 2. c4 Nf6 3. Nf3 d5 4. g3 dxc4 5. Bg2 Nc6 6. O-O Rb8 7. Nc3 a6 8. e4
Be7 9. Qe2 b5 10. Rd1 Nb4 11. Ne1 O-O 12. a3 Nc6 13. d5 exd5 14. e5 Bg4 15. f3
Bc5+ 16. Kh1 Re8 17. fxg4 Rxe5 18. Qf3 Nd4 19. Qf1 c6 20. Bf4 Rxe1 21. Rxe1 Nxg4
22. h3 Nc2 23. hxg4 Nxa1 24. Rxa1 Rc8 25. Rd1 Qf6 26. Qe2 g5 27. Be3 Re8 28.
Bxg5 Qxg5 29. Qxe8+ Kg7 30. Kh2 Qxg4 31. Rf1 Qh5+ 32. Bh3 Bd6 33. Qe3 f6 34. Rf5
Qg6 35. Qa7+ Kh6 36. Ne2 d4 37. Qxd4 Be5 38. Qd7 Bxb2 39. Qxc6 Be5 40. Qxa6 c3
41. Qxb5 Kg7 42. Qd3 Qh6 43. Nxc3 Qc1 44. Ne4 Qb2+ 45. Nf2 Bd4 46. Qf3 Be5 47.
Bg2 Qb8 48. Qg4+ Kf7 49. Bd5+ Ke7 50. Qb4+ Kd7 51. Qxb8 {Black resigns} 1-0

[Event "Team 45 45 League T49"]
[Site "Internet Chess Club"]
[Date "2011.06.18"]
[Round "6"]
[White "seattleblues"]
[Black "mrmarck"]
[Result "0-1"]
[WhiteElo "1430"]
[BlackElo "1302"]
[Opening "Scandinavian (center counter) defense"]
[ECO "B01"]
[Time "19:00:07"]
[TimeControl "2700+45"]

1. e4 d5 2. exd5 Qxd5 3. Nc3 Qa5 4. d4 c6 5. Bc4 Nf6 6. Nf3 e6 7. Bd2 Qc7 8. O-O
Bd6 9. Re1 O-O 10. Ne5 Nbd7 11. f4 a6 12. Ne2 b5 13. Bd3 c5 14. c3 Bb7 15. Ng3
Nd5 16. Qg4 N7f6 17. Qh3 g6 18. Ne4 c4 19. Nxf6+ Nxf6 20. Bc2 Nd5 21. Rf1 a5 22.
Rf3 b4 23. Rg3 Nf6 24. Ng4 Nxg4 25. Qxg4 f5 26. Qe2 Bxf4 27. Qxe6+ Kh8 28. Bxf4
Qxf4 29. Qe5+ Qxe5 30. dxe5 Rae8 31. Re1 Re6 32. Ba4 Rf7 33. Bb5 Bd5 34. Rge3
Rb7 35. Ba4 bxc3 36. bxc3 Rb2 37. R3e2 Rb7 38. Rd2 Be4 39. Rd8+ Kg7 40. Rd4 Rb2
41. Rd2 Rxd2 {White resigns} 0-1

[Event "Team 45 45 League T49"]
[Site "Internet Chess Club"]
[Date "2011.06.17"]
[Round "6"]
[White "drsigmund1"]
[Black "MichaelJames"]
[Result "1-0"]
[WhiteElo "1486"]
[BlackElo "1307"]
[Opening "Scotch: Mieses variation"]
[ECO "C45"]
[Time "22:00:13"]
[TimeControl "2700+45"]

1. e4 e5 2. Nf3 Nc6 3. d4 exd4 4. Nxd4 Nf6 5. Nxc6 bxc6 6. e5 Nd5 7. c4 Nb6 8.
Bd3 Bb4+ 9. Bd2 Bxd2+ 10. Qxd2 Bb7 11. O-O c5 12. Nc3 Qh4 13. f4 O-O-O 14. a4
Kb8 15. a5 Nc8 16. Qe3 d6 17. a6 Ba8 18. Nd5 Qg4 19. h3 Qd7 20. Be4 Bxd5 21.
Bxd5 Nb6 22. Qf3 Nxd5 23. cxd5 Qb5 24. e6 fxe6 25. dxe6 Rde8 26. f5 Rhf8 27. Ra3
Rxe6 28. Rb3 Qxb3 29. Qxb3+ Kc8 30. Qb7+ Kd7 31. fxe6+ Ke7 32. Qxc7+ Kxe6 33.
Rxf8 {Black resigns} 1-0

[Event "Team 45 45 League T49"]
[Site "Internet Chess Club"]
[Date "2011.06.18"]
[Round "6"]
[White "Conjurer"]
[Black "bhandelman"]
[Result "1-0"]
[WhiteElo "1317"]
[BlackElo "1146"]
[Opening "English: four knights, kingside fianchetto"]
[ECO "A29"]
[Time "17:06:26"]
[TimeControl "2700+45"]

1. c4 e5 2. Nc3 Nf6 3. Nf3 Nc6 4. g3 Bc5 5. Bg2 d6 6. O-O O-O 7. a3 a5 8. d3 Be6
9. Bg5 Nd4 10. Ne4 Nxf3+ 11. Bxf3 Bd4 12. Qd2 Nxe4 13. Bxe4 f6 14. Be3 c6 15.
Rab1 d5 16. Bg2 c5 17. b3 Qd7 18. b4 Bxe3 19. fxe3 d4 20. bxc5 Rab8 21. Rb6 Rfd8
22. Qxa5 dxe3 23. Rfb1 Bh3 24. Bd5+ Kf8 25. c6 Qf5 26. Qc5+ Ke8 27. c7 Qf2+ 28.
Kh1 Rxd5 29. cxb8=Q+ Rd8 30. Qxd8+ Kxd8 31. Qf8+ Kc7 32. Rxb7+ Kc6 33. R1b6#
{Black checkmated} 1-0

[Event "Team 45 45 League T49"]
[Site "Internet Chess Club"]
[Date "2011.06.18"]
[Round "6"]
[White "MateIn42"]
[Black "Berke"]
[Result "0-1"]
[WhiteElo "1383"]
[BlackElo "1577"]
[Opening "Caro-Kann defense"]
[ECO "B15"]
[Time "09:08:20"]
[TimeControl "2700+45"]

1. e4 c6 2. d4 d5 3. Nc3 Nf6 4. Bd3 Bg4 5. Nf3 e6 6. a3 Be7 7. e5 Nfd7 8. O-O a6
9. Be2 O-O 10. Bd2 c5 11. Qc1 Bxf3 12. Bxf3 cxd4 13. Ne2 Nc6 14. Bf4 Rc8 15. Qd1
Qb6 16. Rb1 f6 17. exf6 Nxf6 18. Bg3 e5 19. Bxe5 Nxe5 20. Nxd4 Nxf3+ 21. Nxf3
Qc7 22. Nd4 Qb6 23. c3 Ne4 24. Nf3 Rcd8 25. Qc2 Qh6 26. Rbd1 Bd6 27. h3 Rxf3 28.
gxf3 Qxh3 29. Rfe1 Bh2+ 30. Kh1 Bg3+ 31. Kg1 Bh2+ 32. Kh1 Nxf2+ 33. Qxf2 Bg3+
34. Kg1 Bxf2+ 35. Kxf2 Qh2+ 36. Kf1 Qxb2 37. Re7 Rf8 38. Re2 Qxc3 39. Rxd5 Qxf3+
{White resigns} 0-1

[Event "Team 45 45 League T49"]
[Site "Internet Chess Club"]
[Date "2011.06.17"]
[Round "6"]
[White "krysto"]
[Black "Visin"]
[Result "1-0"]
[WhiteElo "1624"]
[BlackElo "1231"]
[Opening "QGD: Orthodox defense"]
[ECO "D63"]
[Time "08:01:37"]
[TimeControl "2700+45"]

1. d4 d5 2. c4 c6 3. Nf3 Nf6 4. Nc3 e6 5. Bg5 Be7 6. e3 O-O 7. Rc1 Nbd7 8. cxd5
exd5 9. Bd3 h6 10. Bh4 Nh7 11. Bxe7 Qxe7 12. O-O b6 13. Re1 f5 14. Qb3 Kh8 15.
Ne2 Bb7 16. a4 Ng5 17. Nxg5 Qxg5 18. a5 Rac8 19. axb6 axb6 20. Nf4 Qf6 21. Be2
g6 22. Ra1 Ra8 23. Ra3 Rxa3 24. bxa3 Ra8 25. a4 Ba6 26. Bxa6 Rxa6 27. Rc1 Ra8
28. Qc2 Rc8 29. Nxd5 Qd6 30. Nf4 Kh7 31. h3 c5 32. Qc4 Kg7 33. dxc5 bxc5 34. a5
Kf6 35. Qa4 Qc6 36. Qa1+ Kf7 37. Qa2+ Kf6 38. a6 c4 39. a7 Nb6 40. Qa6 Kf7 41.
Rb1 Na8 42. Qxc6 Rxc6 43. Rb8 c3 44. Rxa8 c2 45. Ne2 Ra6 46. Nc1 Ke7 47. Kf1 Kd7
48. Ke2 Kc7 49. Kd2 Kb7 50. Rh8 Kxa7 51. Rxh6 Rc6 52. Nb3 {Black resigns} 1-0

[Event "Team 45 45 League T49"]
[Site "Internet Chess Club"]
[Date "2011.06.19"]
[Round "6"]
[White "reverendjim"]
[Black "tamky70"]
[Result "0-1"]
[WhiteElo "1349"]
[BlackElo "1386"]
[Opening "Caro-Kann: classical, 6.h4"]
[ECO "B19"]
[Time "19:30:34"]
[TimeControl "2700+45"]

1. e4 c6 2. d4 d5 3. Nc3 dxe4 4. Nxe4 Bf5 5. Ng3 Bg6 6. h4 h6 7. Nf3 Nf6 8. Bd3
Bxd3 9. Qxd3 Nbd7 10. h5 e6 11. Bd2 Be7 12. O-O-O Nd5 13. Ne5 Nxe5 14. dxe5 Qb6
15. Ne4 Rd8 16. Qg3 Qa6 17. Kb1 Nb4 18. Bxb4 Bxb4 19. Qxg7 Rf8 20. Rxd8+ Kxd8
21. Rd1+ Kc7 22. Nd6 Qe2 23. Kc1 Rb8 24. Qxf7+ Kb6 25. Qxe6 Qxf2 26. Qg4 Bc5 27.
Nc4+ Ka6 28. Nd6 Be3+ 29. Kb1 Bf4 30. Qf5 Qg3 31. Nf7 Re8 32. e6 Re7 33. a3 Qe3
34. Nd8 Qe2 35. Qd3+ Qxd3 36. Rxd3 Bg5 37. Rd7 Rxd7 38. exd7 Bxd8 39. c4 Kb6 40.
Kc2 Kc7 41. Kd3 Kxd7 42. Ke4 Kd6 43. Kf5 Bg5 44. b3 b6 45. g4 a5 46. b4 axb4 47.
axb4 Kc7 48. Ke6 b5 {White resigns} 0-1

[Event "Team 45 45 League T49"]
[Site "Internet Chess Club"]
[Date "2011.06.19"]
[Round "6"]
[White "Elalfer"]
[Black "houseofcook"]
[Result "1-0"]
[WhiteElo "1359"]
[BlackElo "1345"]
[Opening "QGD: 6.Nf3"]
[ECO "D55"]
[Time "12:00:20"]
[TimeControl "2700+45"]

1. d4 Nf6 2. c4 e6 3. Nf3 d5 4. Nc3 Be7 5. Bg5 O-O 6. e3 Ne4 7. Bxe7 Qxe7 8.
Nxe4 dxe4 9. Nd2 e5 10. d5 f5 11. Be2 c6 12. dxc6 Nxc6 13. O-O Qb4 14. Qc2 Be6
15. Rfd1 Rad8 16. Nb3 Qe7 17. Rxd8 Rxd8 18. a3 b6 19. Rd1 Rxd1+ 20. Bxd1 Qd7 21.
Qd2 f4 22. Qxd7 Bxd7 23. Nd2 Bf5 24. b4 g5 25. g4 Bg6 26. Bc2 h5 27. gxh5 Bxh5
28. Bxe4 Ne7 29. Nf3 Bxf3 30. Bxf3 Kg7 31. Kg2 Kf6 32. Be4 Nc8 33. c5 bxc5 34.
bxc5 a5 35. Bb7 Na7 36. c6 Nb5 37. a4 Nc7 38. Kf3 Kg6 39. Ke4 Kf6 40. exf4 exf4
41. Bc8 Ke7 42. Kf5 Kd6 43. Bd7 Kc5 44. Kxg5 Kb4 45. h4 {Black resigns} 1-0

[Event "Team 45 45 League T49"]
[Site "Internet Chess Club"]
[Date "2011.06.18"]
[Round "6"]
[White "qlwqznzn"]
[Black "Morovon23"]
[Result "0-1"]
[WhiteElo "2305"]
[BlackElo "2328"]
[Opening "Alekhine's defense: four pawns attack, 7.Be3"]
[ECO "B03"]
[Time "22:00:07"]
[TimeControl "2700+45"]

1. e4 Nf6 2. e5 Nd5 3. d4 d6 4. c4 Nb6 5. f4 dxe5 6. fxe5 Nc6 7. Be3 Bf5 8. Nc3
e6 9. Nf3 Be7 10. Be2 O-O 11. O-O f6 12. exf6 Bxf6 13. Qd2 Qe7 14. Rad1 Rad8 15.
Qc1 h6 16. Kh1 Kh8 17. b3 a6 18. Rfe1 Qf7 19. Rd2 Rd7 20. d5 exd5 21. Nxd5 Nxd5
22. cxd5 Ne5 23. Nd4 Be4 24. Ne6 Re8 25. Nc5 Qg6 26. Bf1 Rdd8 27. Nxe4 Qxe4 28.
Bg5 Qf5 29. Bxf6 Qxf6 30. Qxc7 Nd3 31. Rb1 Nf2+ 32. Kg1 Rf8 33. Qc2 Ng4 34. Qe4
Qg5 35. Rbd1 Rde8 36. Qd3 Ne3 37. Re1 Rxf1+ 38. Rxf1 Nxf1 39. Rf2 Ne3 40. Re2
Qf4 41. Re1 Re5 42. g3 Qf3 43. Qd2 Ng4 44. d6 Rxe1+ 45. Qxe1 Ne3 {White resigns}
0-1

[Event "Team 45 45 League T49"]
[Site "Internet Chess Club"]
[Date "2011.06.19"]
[Round "6"]
[White "xec"]
[Black "MikeA"]
[Result "1/2-1/2"]
[WhiteElo "2139"]
[BlackElo "2211"]
[Opening "Sicilian: dragon, Yugoslav attack, Rauser variation"]
[ECO "B76"]
[Time "16:19:22"]
[TimeControl "2700+45"]

1. e4 c5 2. Nf3 Nc6 3. d4 cxd4 4. Nxd4 Nf6 5. Nc3 d6 6. f3 g6 7. Be3 Bg7 8. Qd2
O-O 9. O-O-O Nxd4 10. Bxd4 Be6 11. Kb1 Qc7 12. g4 Rfc8 13. h4 h5 14. gxh5 Nxh5
15. Bxg7 Kxg7 16. f4 Qa5 17. f5 Rxc3 18. Qxc3+ Qxc3 19. bxc3 gxf5 20. exf5 Bxf5
21. Rg1+ Kf6 22. Bd3 Bxd3 23. cxd3 e5 24. Kc2 Rh8 25. Rg4 Nf4 26. Rh1 Kf5 27.
Rg7 Kf6 28. Rg3 Ke6 29. Kd2 Nh5 30. Rg4 f6 31. Ra4 a6 32. Rb4 Rh7 33. c4 f5 34.
Rb6 Ng3 35. Rh3 f4 36. h5 e4 37. dxe4 Nxe4+ 38. Kc2 Ke5 39. Rb1 Ng5 40. Rhh1
{Game drawn by mutual agreement} 1/2-1/2

[Event "Team 45 45 League T49"]
[Site "Internet Chess Club"]
[Date "2011.06.18"]
[Round "6"]
[White "Kueh"]
[Black "robertoalvarez"]
[Result "1/2-1/2"]
[WhiteElo "1999"]
[BlackElo "1963"]
[Opening "French: Tarrasch, closed variation, main line"]
[ECO "C06"]
[Time "13:00:28"]
[TimeControl "2700+45"]

1. e4 e6 2. d4 d5 3. Nd2 Nf6 4. e5 Nfd7 5. Bd3 c5 6. c3 Nc6 7. Ne2 cxd4 8. cxd4
f6 9. exf6 Nxf6 10. Nf3 Bd6 11. O-O Qc7 12. Bg5 O-O 13. Rc1 a6 14. Qd2 Ne4 15.
Qe3 Rxf3 16. gxf3 Nxg5 17. Qxg5 Qf7 18. f4 Bd7 19. Kh1 Nb4 20. Bb1 Bb5 21. Rce1
Nd3 22. Bxd3 Bxd3 23. f3 Bb4 24. Nc1 Bxf1 25. Rxf1 Qf6 26. Qe5 Bd2 27. Nd3 Qxe5
28. fxe5 Be3 29. f4 Bxd4 30. Rc1 Bb6 31. Kg2 Kf7 32. Kg3 Kg6 33. Kg4 h5+ 34. Kf3
Rd8 35. Rc2 Rd7 36. Nc5 Bxc5 37. Rxc5 Kf5 38. Rc8 d4 39. Rf8+ Kg6 40. Ke2 Rf7
41. Rxf7 Kxf7 42. Kd3 Kg6 43. Kxd4 Kf5 44. Ke3 g5 45. fxg5 Kxg5 46. Ke4 Kg4 47.
b4 h4 48. a4 b6 49. a5 bxa5 50. bxa5 h3 51. Kd4 Kf4 52. Kc5 Kxe5 53. Kb6 Kd6 54.
Kxa6 Kc6 55. Ka7 Kc7 56. a6 e5 57. Ka8 Kc8 58. a7 {Game drawn by mutual
agreement} 1/2-1/2

[Event "Team 45 45 League T49"]
[Site "Internet Chess Club"]
[Date "2011.06.19"]
[Round "6"]
[White "izit"]
[Black "egyptiantiger"]
[Result "1-0"]
[WhiteElo "2263"]
[BlackElo "2086"]
[Opening "King's Indian: 5.Nf3"]
[ECO "E90"]
[Time "16:00:10"]
[TimeControl "2700+45"]

1. d4 Nf6 2. c4 g6 3. Nc3 Bg7 4. e4 d6 5. Nf3 O-O 6. h3 Na6 7. Bg5 Qe8 8. g4 e5
9. d5 Nd7 10. Rg1 Kh8 11. Qd2 Ndc5 12. Nh4 Bd7 13. Be2 Nb4 14. a3 Nba6 15. Bd1
f6 16. Be3 Na4 17. Nxa4 Bxa4 18. b4 Bd7 19. Bc2 Qe7 20. O-O-O b5 21. Bd3 bxc4
22. Bxc4 Nb8 23. Kb2 a6 24. Ka2 Ba4 25. Bb3 Bxb3+ 26. Kxb3 Nd7 27. Rc1 Nb6 28.
Rc6 Qd8 29. f3 Rb8 30. Rgc1 f5 31. Bg5 Bf6 32. Bxf6+ Qxf6 33. Qh6 Na8 34. gxf5
gxf5 35. Qxf6+ Rxf6 36. Nxf5 a5 37. Rg1 axb4 38. axb4 Rg6 39. Rg4 Rb7 40. Ra6
Nb6 41. Kc3 Rb8 42. Ra7 Rxg4 43. fxg4 Rc8 44. Kb3 Nd7 45. Nxd6 Rf8 46. Nf5 Nf6
47. Rxc7 Nxe4 48. b5 Nf6 49. Kc4 e4 50. b6 Rd8 51. d6 e3 52. Nxe3 {Black
resigns} 1-0

[Event "Team 45 45 League T49"]
[Site "Internet Chess Club"]
[Date "2011.06.18"]
[Round "6"]
[White "Stryker672"]
[Black "Kolibri"]
[Result "1-0"]
[WhiteElo "2001"]
[BlackElo "2010"]
[Opening "Sicilian: Alapin's variation (2.c3)"]
[ECO "B22"]
[Time "15:02:18"]
[TimeControl "2700+45"]

1. e4 c5 2. c3 d5 3. exd5 Qxd5 4. d4 e6 5. Nf3 Nf6 6. Na3 a6 7. Nc2 Nc6 8. Be2
cxd4 9. Ncxd4 Nxd4 10. Qxd4 Bc5 11. Qh4 Qe4 12. Bg5 Qxh4 13. Bxh4 O-O 14. O-O-O
Be7 15. Ne5 Rd8 16. Bf3 Kf8 17. Nc4 Nd7 18. Bg3 Ke8 19. Bc7 Nc5 20. Bxd8 Bxd8
21. Rhe1 Bc7 22. b4 Na4 23. Kc2 Ke7 24. Kb3 Nb6 25. Nxb6 Bxb6 26. Re2 a5 27. a3
Ra7 28. Red2 Bc7 29. g3 e5 30. c4 f5 31. Bd5 Ra6 32. Bxb7 {Black resigns} 1-0